Map: Ruins of Endion

Players

Fropez

  • Race: Protoss Protoss
  • League: Silver
  • Spawn Location: 7:00

Mothership - Winner!

  • Race: Protoss Protoss
  • League: Silver
  • Spawn Location: 5:00

VOD

Have the link to the VOD?

Description

Time

  • Played on: April 22, 2016, 1:36 p.m.
  • Length: 5:51
Show
View Real Time Build Order
Export as new Build Order

Fropez Protoss 

Build Orders: 1 Gate Expand 

Get SALT Encoding   

  12  0:04  Probe (Chrono Boost)  
  13  0:23  Pylon  
  13  0:31  Pylon  
  13  0:39  Pylon  
  13  0:47  Gateway  
  13  0:52  Probe (Chrono Boost)  
  14  1:12  Probe (Chrono Boost)  
  15  1:22  Nexus  
  15  1:32  Pylon  
  15  1:46  Probe (Chrono Boost)  
  16  1:49  Cybernetics Core  
  16  1:56  Probe (Chrono Boost)  
  17  2:01  Assimilator  
  17  2:07  Probe (Chrono Boost), Assimilator  
  18  2:17  Probe (Chrono Boost)  
  19  2:28  Probe (Chrono Boost)  
  20  2:38  Probe (Chrono Boost)  
  20  2:41  Pylon  
  20  2:43  Warp Gate (Chrono Boost)  
  21  2:48  Zealot  
  21  2:49  Probe (Chrono Boost)  
  24  2:55  Mothership Core  
  26  3:01  Probe  
  27  3:13  Probe  
  27  3:14  Probe  
  29  3:25  Probe  
  29  3:26  Assimilator  
  30  3:30  Assimilator  
  30  3:33  Gateway  
  30  3:41  Probe x2  
  30  3:44  Stalker  
  34  3:50  Forge  
  34  3:51  Probe  
  34  3:54  Probe  
  36  4:02  Probe  
  36  4:07  Probe  
  31  4:42  Probe  
  32  4:58  Photon Cannon  
  32  5:05  Pylon  
  32  5:10  Stalker x2  
  36  5:18  Photon Cannon  
  36  5:21  Probe x2  
  36  5:28  Gateway  
  36  5:39  Photon Cannon  
  36  5:40  Photon Cannon  
  32  5:43  Pylon  
Show
View Real Time Build Order
Export as new Build Order

Mothership Protoss - Winner!

Build Orders:  

Get SALT Encoding   

  12  0:02  Probe (Chrono Boost)  
  13  0:15  Probe (Chrono Boost)  
  14  0:26  Probe (Chrono Boost)  
  15  0:37  Pylon  
  15  0:42  Assimilator  
  15  0:55  Probe (Chrono Boost)  
  16  1:00  Gateway  
  16  1:03  Gateway  
  16  1:07  Pylon  
  16  1:12  Probe (Chrono Boost)  
  17  1:23  Probe (Chrono Boost)  
  18  1:28  Gateway  
  18  1:33  Probe (Chrono Boost)  
  19  1:50  Pylon  
  19  1:59  Gateway  
  19  2:01  Cybernetics Core  
  19  2:10  Zealot  
  19  2:13  Zealot  
  23  2:25  Zealot  
  23  2:28  Probe (Chrono Boost)  
  25  2:40  Mothership Core (Chrono Boost)  
  27  2:45  Warp Gate (Chrono Boost)  
  27  2:48  Adept  
  29  2:51  Adept  
  31  2:58  Adept  
  31  3:00  Probe  
  31  3:04  Adept  
  36  3:12  Probe  
  36  4:02  Stalker  
  38  4:09  Pylon  
  38  4:27  Stalker x2  
  38  4:28  Pylon  
  42  4:47  Probe  
  43  5:04  Nexus  
  43  5:05  Pylon  
  43  5:07  Pylon  
  43  5:09  Stalker x3  
  43  5:10  Stalker  
  51  5:24  Pylon  
  51  5:42  Pylon  
  49  5:45  Pylon  
Tags
 
Matchup
PvP
Replay Pack
All Mines
Spawn Locations
Close Positions
Add a new tag
Caveats
  • Supply blocks, unpowered buildings, or Contaminate may cause inaccurate times.
  • Supply counts are checked every 10 seconds.